TOP OF THE 1ST |
Minnesota Twins batting - Pitching for Seattle Mariners : LHP Randy Jones
|
Pitching: LHP Randy Jones
|
|
Batting: RHB Lee Lacy
|
0-0: Called Strike 0-1: Ground out 5-3 (Groundball, 5, EV 83.1 MPH)
|
Batting: RHB Steve Brye
|
0-0: Foul Ball, location: 2F 0-1: Foul Ball, location: 2F 0-2: Ball 1-2: Fly out, F9 (Flyball, 89M, EV 80.0 MPH)
|
Batting: RHB Tom Brown
|
0-0: Ball 1-0: Ground out 1-3 (Groundball, 13S, EV 66.9 MPH)
|
Top of the 1st over - 0 runs, 0 hits, 0 errors, 0 left on base; Minnesota 0 - Seattle 0 |
BOTTOM OF THE 1ST |
Seattle Mariners batting - Pitching for Minnesota Twins : LHP Mauricio Valdivia
|
Pitching: LHP Mauricio Valdivia
|
|
Batting: SHB Miguel Dilone
|
0-0: Called Strike 0-1: Foul Ball, location: 2F 0-2: Strikes out swinging
|
Batting: LHB Jose Perales
|
0-0: Ball 1-0: Ball 2-0: Foul Ball, location: 2F 2-1: Foul Ball, location: 2F 2-2: Foul Ball, location: 2F 2-2: Ball 3-2: Foul Ball, location: 2F 3-2: SINGLE (Groundball, 34D, EV 101.3 MPH)
|
Batting: RHB Robin Yount
|
0-0: Called Strike 0-1: Ball 1-1: Ball 2-1: Foul Ball, location: 2F 2-2: Foul Ball, location: 2F 2-2: Foul Ball, location: 2F 2-2: Ball 3-2: SINGLE (Groundball, 56D, EV 95.6 MPH) Jose Perales to second
|
Batting: LHB Don Mattingly
|
0-0: Called Strike 0-1: Foul Ball, location: 2F 0-2: Ball 1-2: Ball 2-2: Ball 3-2: SINGLE (Groundball, 56D, EV 105.6 MPH) Jose Perales to third Robin Yount to second Runner from 3rd tries for Home, SAFE, throw by LF to home
|
Batting: LHB Chris Wynn
|
0-0: Called Strike 0-1: Ball Robin Yount steals 3rd base Don Mattingly to second 1-1: Foul Ball, location: 2F 1-2: Ground out 5-3 (Groundball, 56, EV 104.4 MPH) Robin Yount scores
|
Batting: RHB Ken Reitz
|
0-0: Ball 1-0: Foul Ball, location: 2F 1-1: Foul Ball, location: 2F 1-2: Ground out 6-3 (Groundball, 6, EV 106.9 MPH)
|
Bottom of the 1st over - 2 runs, 3 hits, 0 errors, 1 left on base; Minnesota 0 - Seattle 2 |
TOP OF THE 2ND |
Minnesota Twins batting - Pitching for Seattle Mariners : LHP Randy Jones
|
Batting: RHB Larry Hisle
|
0-0: Ball 1-0: Ball 2-0: DOUBLE (Line Drive, 89D, EV 106.9 MPH)
|
Batting: RHB Chet Lemon
|
0-0: Called Strike 0-1: Ball 1-1: Ball 2-1: Fly out, F8 (Flyball, 8LS, EV 81.9 MPH)
|
Batting: RHB George Foster
|
0-0: Ground out 6-3 (Groundball, 56D, EV 81.9 MPH)
|
Batting: LHB Lloyd Moseby
|
0-0: Ball 1-0: Ground out 6-3 (Groundball, 4MS, EV 78.1 MPH)
|
Top of the 2nd over - 0 runs, 1 hit, 0 errors, 1 left on base; Minnesota 0 - Seattle 2 |
BOTTOM OF THE 2ND |
Seattle Mariners batting - Pitching for Minnesota Twins : LHP Mauricio Valdivia
|
Batting: RHB Ryne Sandberg
|
0-0: Ball 1-0: Foul Ball, location: 2F 1-1: Foul Ball, location: 2F 1-2: SINGLE (Groundball, 56D, EV 112.5 MPH)
|
Batting: RHB Ramon Estepa
|
0-0: Ball 1-0: Swinging Strike 1-1: SINGLE (Line Drive, 34D, EV 104.4 MPH) Ryne Sandberg to second
|
Batting: LHB Ivan Flores
|
0-0: SINGLE (Flyball, 4D, EV 96.9 MPH) Ryne Sandberg to third Ramon Estepa to second
|
Batting: SHB Miguel Dilone
|
0-0: Ball 1-0: Grounds into double play, 4-6-3 (Groundball, 4, EV 108.8 MPH) Ryne Sandberg scores Ramon Estepa to third
|
Batting: LHB Jose Perales
|
0-0: Ball 1-0: Called Strike 1-1: Foul Ball, location: 2F 1-2: DOUBLE (Line Drive, 89M, EV 109.4 MPH) Ramon Estepa scores
|
Batting: RHB Robin Yount
|
0-0: Ball 1-0: Foul Ball, location: 2F 1-1: SINGLE (Line Drive, 7S, EV 99.4 MPH) Jose Perales to third Runner from 3rd tries for Home, SAFE, throw by LF to home
|
Batting: LHB Don Mattingly
|
0-0: Foul Ball, location: 2F 0-1: Swinging Strike 0-2: Ball 1-2: Foul Ball, location: 2F 1-2: Ground out 4-3 (Groundball, 4, EV 85.6 MPH)
|
Bottom of the 2nd over - 3 runs, 5 hits, 0 errors, 1 left on base; Minnesota 0 - Seattle 5 |
TOP OF THE 3RD |
Minnesota Twins batting - Pitching for Seattle Mariners : LHP Randy Jones
|
Batting: RHB Brook Jacoby
|
0-0: Fly out, F3 (Line Drive, 3, EV 62.5 MPH)
|
Batting: LHB Ken Oberkfell
|
0-0: Foul Ball, location: 2F 0-1: Ball 1-1: Called Strike 1-2: Ground out 2-3 (Groundball, 2L, EV 72.5 MPH)
|
Batting: RHB Lee Lacy
|
0-0: Ball 1-0: DOUBLE (Groundball, 5L, EV 105.6 MPH)
|
Batting: RHB Steve Brye
|
0-0: 2-RUN HOME RUN (Flyball, 7D, EV 95.6 MPH), Distance : 372 ft
|
Batting: RHB Tom Brown
|
0-0: Called Strike 0-1: Foul Ball, location: 2F 0-2: Foul Ball, location: 2F 0-2: Strikes out swinging
|
Top of the 3rd over - 2 runs, 2 hits, 0 errors, 0 left on base; Minnesota 2 - Seattle 5 |
BOTTOM OF THE 3RD |
Seattle Mariners batting - Pitching for Minnesota Twins : LHP Mauricio Valdivia
|
Batting: LHB Chris Wynn
|
0-0: Called Strike 0-1: Swinging Strike 0-2: Foul Ball, location: 2F 0-2: Ball 1-2: Strikes out swinging
|
Batting: RHB Ken Reitz
|
0-0: Ball 1-0: Ball 2-0: SINGLE (Line Drive, 34D, EV 95.6 MPH)
|
Batting: RHB Ryne Sandberg
|
0-0: Called Strike 0-1: Ball 1-1: Called Strike 1-2: Foul Ball, location: 2F 1-2: Ball 2-2: SINGLE (Groundball, 23, EV 73.8 MPH) (infield hit) Ken Reitz to second
|
Batting: RHB Ramon Estepa
|
0-0: Called Strike 0-1: Foul Ball, location: 2F 0-2: Foul Ball, location: 2F 0-2: Strikes out swinging
|
Batting: LHB Ivan Flores
|
0-0: Called Strike 0-1: Foul Ball, location: 2F 0-2: Ball 1-2: Fly out, F9 (Flyball, 9, EV 87.5 MPH)
|
Bottom of the 3rd over - 0 runs, 2 hits, 0 errors, 2 left on base; Minnesota 2 - Seattle 5 |
TOP OF THE 4TH |
Minnesota Twins batting - Pitching for Seattle Mariners : LHP Randy Jones
|
Batting: RHB Larry Hisle
|
0-0: Ball 1-0: Ball 2-0: Called Strike 2-1: Fly out, F9 (Flyball, 89M, EV 91.9 MPH)
|
Batting: RHB Chet Lemon
|
0-0: Ball 1-0: SINGLE (Line Drive, 9S, EV 99.4 MPH)
|
Batting: RHB George Foster
|
0-0: Called Strike 0-1: Fly out, F9 (Flyball, 9LS, EV 91.3 MPH)
|
Batting: LHB Lloyd Moseby
|
0-0: Called Strike Chet Lemon steals 2nd base 0-1: Called Strike 0-2: Fly out, F8 (Flyball, 78M, EV 87.5 MPH)
|
Top of the 4th over - 0 runs, 1 hit, 0 errors, 1 left on base; Minnesota 2 - Seattle 5 |
BOTTOM OF THE 4TH |
Seattle Mariners batting - Pitching for Minnesota Twins : LHP Mauricio Valdivia
|
Batting: SHB Miguel Dilone
|
0-0: Ball 1-0: Ball 2-0: Ball 3-0: Base on Balls
|
Batting: LHB Jose Perales
|
0-0: Ball 1-0: Foul Ball, location: 2F 1-1: Ball 2-1: Foul Ball, location: 2F 2-2: Ball 3-2: Foul Ball, location: 2F 3-2: Strikes out swinging
|
Batting: RHB Robin Yount
|
0-0: Ball Miguel Dilone is caught stealing 2nd base 2-4 1-0: Called Strike 1-1: Foul Ball, location: 2F 1-2: Strikes out looking
|
Bottom of the 4th over - 0 runs, 0 hits, 0 errors, 0 left on base; Minnesota 2 - Seattle 5 |
TOP OF THE 5TH |
Minnesota Twins batting - Pitching for Seattle Mariners : LHP Randy Jones
|
Batting: RHB Brook Jacoby
|
0-0: Fly out, F9 (Flyball, 9LM, EV 93.8 MPH)
|
Batting: LHB Ken Oberkfell
|
0-0: Called Strike 0-1: Ball 1-1: Ground out 4-3 (Groundball, 4, EV 105.0 MPH)
|
Batting: RHB Lee Lacy
|
0-0: Ball 1-0: SINGLE (Groundball, 56D, EV 94.4 MPH)
|
Batting: RHB Steve Brye
|
0-0: Called Strike 0-1: Ball 1-1: Ball 2-1: Called Strike 2-2: Ball Lee Lacy steals 2nd base 3-2: Ground out 4-3 (Groundball, 4, EV 89.4 MPH)
|
Top of the 5th over - 0 runs, 1 hit, 0 errors, 1 left on base; Minnesota 2 - Seattle 5 |
BOTTOM OF THE 5TH |
Seattle Mariners batting - Pitching for Minnesota Twins : LHP Mauricio Valdivia
|
Batting: LHB Don Mattingly
|
0-0: Ball 1-0: Called Strike 1-1: Foul Ball, location: 2F 1-2: Ball 2-2: Ball 3-2: Ground out 2-3 (Groundball, 2L, EV 71.3 MPH)
|
Batting: LHB Chris Wynn
|
0-0: Called Strike 0-1: Ball 1-1: Ball 2-1: Ball 3-1: Foul Ball, location: 2F 3-2: Foul Ball, location: 2F 3-2: Foul Ball, location: 2F 3-2: SINGLE (Line Drive, 78S, EV 100.0 MPH)
|
Pitching: RHP Mark Fidrych
|
|
Batting: RHB Ken Reitz
|
0-0: SINGLE (Line Drive, 9LS, EV 96.9 MPH) Chris Wynn to second Runner from 2nd tries for 3rd, SAFE, throw by RF made to third
|
Batting: RHB Ryne Sandberg
|
0-0: Called Strike 0-1: Foul Ball, location: 2F 0-2: Ball 1-2: Fly out, F7 (Flyball, 7S, EV 90.6 MPH)
|
Batting: RHB Ramon Estepa
|
0-0: Called Strike 0-1: Called Strike 0-2: Ball 1-2: Ball 2-2: Strikes out swinging
|
Bottom of the 5th over - 0 runs, 2 hits, 0 errors, 2 left on base; Minnesota 2 - Seattle 5 |
TOP OF THE 6TH |
Minnesota Twins batting - Pitching for Seattle Mariners : LHP Randy Jones
|
Batting: RHB Tom Brown
|
0-0: Ball 1-0: Ball 2-0: Ball 3-0: Called Strike 3-1: SINGLE (Line Drive, 9S, EV 95.0 MPH)
|
Batting: RHB Larry Hisle
|
0-0: Called Strike 0-1: Foul Ball, location: 2F 0-2: Ball 1-2: Ball 2-2: Ball 3-2: SINGLE (Groundball, 56S, EV 61.3 MPH) (infield hit) Tom Brown to second
|
Batting: RHB Chet Lemon
|
0-0: Ball 1-0: Ball 2-0: Fly out, F7 (Line Drive, 7, EV 84.4 MPH)
|
Batting: RHB George Foster
|
0-0: Called Strike 0-1: Called Strike 0-2: 3-RUN HOME RUN (Flyball, 7D, EV 98.8 MPH), Distance : 382 ft
|
Pitching: LHP Rich Rodas
|
|
Batting: LHB Lloyd Moseby
|
0-0: Called Strike 0-1: Ball 1-1: Foul Ball, location: 2F 1-2: Foul Ball, location: 2F 1-2: Foul Ball, location: 2F 1-2: Ball 2-2: Strikes out swinging
|
Batting: RHB Brook Jacoby
|
0-0: Foul Ball, location: 2F 0-1: Swinging Strike 0-2: Ball 1-2: Ball 2-2: Strikes out swinging
|
Top of the 6th over - 3 runs, 3 hits, 0 errors, 0 left on base; Minnesota 5 - Seattle 5 |
BOTTOM OF THE 6TH |
Seattle Mariners batting - Pitching for Minnesota Twins : RHP Mark Fidrych
|
Batting: LHB Ivan Flores
|
0-0: Called Strike 0-1: Foul Ball, location: 2F 0-2: Fly out, F8 (Flyball, 8RD, EV 75.0 MPH)
|
Batting: SHB Miguel Dilone
|
0-0: Ground out U3 (Groundball, 3L, EV 85.6 MPH)
|
Batting: LHB Jose Perales
|
0-0: Foul Ball, location: 2F 0-1: Ball 1-1: Hit by Pitch
|
Batting: RHB Robin Yount
|
0-0: Called Strike 0-1: SINGLE (Line Drive, 56D, EV 95.0 MPH) Jose Perales to second Runner from 2nd tries for 3rd, SAFE, throw by LF made to third
|
Batting: LHB Don Mattingly
|
0-0: Ball 1-0: Swinging Strike 1-1: Ball 2-1: Foul Ball, location: 2F 2-2: Fly out, F6 (Flyball, 5D, EV 85.6 MPH)
|
Bottom of the 6th over - 0 runs, 1 hit, 0 errors, 2 left on base; Minnesota 5 - Seattle 5 |
TOP OF THE 7TH |
Minnesota Twins batting - Pitching for Seattle Mariners : LHP Rich Rodas
|
Batting: LHB Ken Oberkfell
|
0-0: Foul Ball, location: 2F 0-1: Ground out 5-3 (Groundball, 5, EV 88.1 MPH)
|
Batting: RHB Lee Lacy
|
0-0: Called Strike 0-1: Ball 1-1: Called Strike 1-2: Foul Ball, location: 2F 1-2: Strikes out swinging
|
Batting: RHB Steve Brye
|
0-0: Swinging Strike 0-1: Foul Ball, location: 2F 0-2: Ball 1-2: Foul Ball, location: 2F 1-2: Ball 2-2: Ball 3-2: Fly out, F7 (Flyball, 7D, EV 89.4 MPH)
|
Top of the 7th over - 0 runs, 0 hits, 0 errors, 0 left on base; Minnesota 5 - Seattle 5 |
BOTTOM OF THE 7TH |
Seattle Mariners batting - Pitching for Minnesota Twins : RHP Mark Fidrych
|
Batting: LHB Chris Wynn
|
0-0: Called Strike 0-1: Ball 1-1: Called Strike 1-2: Foul Ball, location: 2F 1-2: Ball 2-2: Foul Ball, location: 2F 2-2: Foul Ball, location: 2F 2-2: Ball 3-2: Strikes out swinging
|
Batting: RHB Ken Reitz
|
0-0: Foul Ball, location: 2F 0-1: Foul Ball, location: 2F 0-2: Ball 1-2: Foul Ball, location: 2F 1-2: Ball 2-2: Fly out, F9 (Flyball, 89S, EV 90.0 MPH)
|
Batting: RHB Ryne Sandberg
|
0-0: Called Strike 0-1: Fly out, F8 (Flyball, 8RXD, EV 100.0 MPH)
|
Bottom of the 7th over - 0 runs, 0 hits, 0 errors, 0 left on base; Minnesota 5 - Seattle 5 |
TOP OF THE 8TH |
Minnesota Twins batting - Pitching for Seattle Mariners : LHP Rich Rodas
|
Pitching: RHP Nick Bowditch
|
|
Batting: RHB Tom Brown
|
0-0: Ball 1-0: Foul Ball, location: 2F 1-1: Ball 2-1: Ball 3-1: Fly out, F9 (Flyball, 9S, EV 95.0 MPH)
|
Batting: RHB Larry Hisle
|
0-0: Ball 1-0: Ball 2-0: Foul Ball, location: 2F 2-1: Foul Ball, location: 2F 2-2: SINGLE (Groundball, 3D, EV 98.8 MPH)
|
Batting: RHB Chet Lemon
|
0-0: Ball 1-0: Fielders Choice at 2nd, 6-4 (Groundball, 56, EV 84.4 MPH)
|
Batting: RHB George Foster
|
0-0: Called Strike 0-1: Ground out 1-3 (Groundball, 34S, EV 75.0 MPH)
|
Top of the 8th over - 0 runs, 1 hit, 0 errors, 1 left on base; Minnesota 5 - Seattle 5 |
BOTTOM OF THE 8TH |
Seattle Mariners batting - Pitching for Minnesota Twins : RHP Mark Fidrych
|
Pitching: RHP Stephen Fuller
|
|
Batting: RHB Ramon Estepa
|
0-0: Called Strike 0-1: Fly out, F8 (Line Drive, 8RM, EV 97.5 MPH)
|
Batting: LHB Ivan Flores
|
0-0: Fly out, F8 (Flyball, 8RS, EV 88.8 MPH)
|
Batting: SHB Miguel Dilone
|
0-0: Ground out 6-3 (Groundball, 6, EV 85.6 MPH)
|
Bottom of the 8th over - 0 runs, 0 hits, 0 errors, 0 left on base; Minnesota 5 - Seattle 5 |
TOP OF THE 9TH |
Minnesota Twins batting - Pitching for Seattle Mariners : RHP Nick Bowditch
|
Batting: LHB Lloyd Moseby
|
0-0: Ball 1-0: Ball 2-0: Ball 3-0: Base on Balls
|
Batting: RHB Brook Jacoby
|
0-0: Ball Lloyd Moseby steals 2nd base 1-0: Intentional Walk
|
Pinch Hitting: SHB Jerry Mumphrey
|
0-0: Swinging Strike 0-1: Swinging Strike 0-2: Strikes out swinging
|
Batting: RHB Lee Lacy
|
0-0: Called Strike 0-1: Ball Wild Pitch! Lloyd Moseby to third Brook Jacoby to second 1-1: Ground out 6-3 (Groundball, 6, EV 86.9 MPH)
|
Batting: RHB Steve Brye
|
0-0: Intentional Walk
|
Batting: RHB Tom Brown
|
0-0: Called Strike 0-1: Fielders Choice at 2nd, 5-4 (Groundball, 56, EV 90.6 MPH)
|
Top of the 9th over - 0 runs, 0 hits, 0 errors, 3 left on base; Minnesota 5 - Seattle 5 |
BOTTOM OF THE 9TH |
Seattle Mariners batting - Pitching for Minnesota Twins : RHP Stephen Fuller
|
Now at SS: Taylor Duncan
|
|
Batting: LHB Jose Perales
|
0-0: Called Strike 0-1: Ball 1-1: Ball 2-1: Called Strike 2-2: Strikes out looking
|
Batting: RHB Robin Yount
|
0-0: Ball 1-0: Ground out 4-3 (Groundball, 4, EV 83.1 MPH)
|
Batting: LHB Don Mattingly
|
0-0: Called Strike 0-1: Ball 1-1: Ball 2-1: Fly out, F7 (Flyball, 78D, EV 103.8 MPH)
|
Bottom of the 9th over - 0 runs, 0 hits, 0 errors, 0 left on base; Minnesota 5 - Seattle 5 |
TOP OF THE 10TH |
Minnesota Twins batting - Pitching for Seattle Mariners : RHP Nick Bowditch
|
Pitching: RHP Tommy Boggs
|
|
Batting: RHB Larry Hisle
|
0-0: Ball 1-0: Called Strike 1-1: Foul Ball, location: 2F 1-2: Hit by Pitch
|
Batting: RHB Chet Lemon
|
0-0: Fielders Choice at 2nd, 6-4 (Groundball, 6, EV 104.4 MPH)
|
Batting: RHB George Foster
|
0-0: Ball 1-0: Ball Chet Lemon steals 2nd, throwing error, E2 Chet Lemon to third 2-0: Swinging Strike 2-1: Called Strike 2-2: Strikes out swinging
|
Batting: LHB Lloyd Moseby
|
0-0: Intentional Walk
|
Batting: RHB Brook Jacoby
|
0-0: Ball 1-0: Fly out, F8 (Flyball, 8RM, EV 91.9 MPH)
|
Top of the 10th over - 0 runs, 0 hits, 1 error, 2 left on base; Minnesota 5 - Seattle 5 |
BOTTOM OF THE 10TH |
Seattle Mariners batting - Pitching for Minnesota Twins : RHP Stephen Fuller
|
Batting: LHB Chris Wynn
|
0-0: Called Strike 0-1: Called Strike 0-2: Ball 1-2: Foul Ball, location: 2F 1-2: Ball 2-2: Strikes out swinging
|
Pinch Hitting: LHB Mike Stenhouse
|
0-0: Called Strike 0-1: Foul Ball, location: 2F 0-2: Strikes out looking
|
Batting: RHB Ryne Sandberg
|
0-0: Called Strike 0-1: Called Strike 0-2: Ball 1-2: Ball 2-2: Strikes out swinging
|
Bottom of the 10th over - 0 runs, 0 hits, 0 errors, 0 left on base; Minnesota 5 - Seattle 5 |
TOP OF THE 11TH |
Minnesota Twins batting - Pitching for Seattle Mariners : RHP Tommy Boggs
|
Now at C: John Rabb
|
|
Pinch Hitting: SHB Tony Bernazard
|
0-0: Called Strike 0-1: Ball 1-1: Ball 2-1: Foul Ball, location: 2F 2-2: Ball 3-2: Ground out U3 (Groundball, 34, EV 99.4 MPH)
|
Batting: RHB Lee Lacy
|
0-0: Called Strike 0-1: Ball 1-1: Swinging Strike 1-2: Foul Ball, location: 2F 1-2: Fly out, F8 (Flyball, 78D, EV 76.9 MPH)
|
Batting: RHB Steve Brye
|
0-0: Ball 1-0: Ball 2-0: Foul Ball, location: 2F 2-1: Called Strike 2-2: DOUBLE (Line Drive, 89D, EV 100.6 MPH)
|
Batting: RHB Tom Brown
|
0-0: Ground out 3-1 (Groundball, 34, EV 100.6 MPH)
|
Top of the 11th over - 0 runs, 1 hit, 0 errors, 1 left on base; Minnesota 5 - Seattle 5 |
BOTTOM OF THE 11TH |
Seattle Mariners batting - Pitching for Minnesota Twins : RHP Stephen Fuller
|
Now at 2B: Tony Bernazard
|
|
Batting: RHB Ramon Estepa
|
0-0: Ball 1-0: Foul Ball, location: 2F 1-1: Foul Ball, location: 2F 1-2: Ball 2-2: Foul Ball, location: 2F 2-2: Strikes out looking
|
Batting: LHB Ivan Flores
|
0-0: Ball 1-0: Ball 2-0: Ball 3-0: Called Strike 3-1: Called Strike 3-2: Strikes out swinging
|
Batting: SHB Miguel Dilone
|
0-0: Called Strike 0-1: Foul Ball, location: 2F 0-2: Strikes out swinging
|
Bottom of the 11th over - 0 runs, 0 hits, 0 errors, 0 left on base; Minnesota 5 - Seattle 5 |
TOP OF THE 12TH |
Minnesota Twins batting - Pitching for Seattle Mariners : RHP Tommy Boggs
|
Batting: RHB Larry Hisle
|
0-0: Foul Ball, location: 2F 0-1: Swinging Strike 0-2: Ball 1-2: Strikes out looking
|
Batting: RHB Chet Lemon
|
0-0: Foul Ball, location: 2F 0-1: Ball 1-1: Ground out 5-3 (Groundball, 56S, EV 69.4 MPH)
|
Batting: RHB George Foster
|
0-0: Fly out, F7 (Flyball, 78D, EV 95.6 MPH)
|
Top of the 12th over - 0 runs, 0 hits, 0 errors, 0 left on base; Minnesota 5 - Seattle 5 |
BOTTOM OF THE 12TH |
Seattle Mariners batting - Pitching for Minnesota Twins : RHP Stephen Fuller
|
Pitching: RHP Fred Breining
|
|
Batting: LHB Jose Perales
|
0-0: Foul Ball, location: 2F 0-1: Ball 1-1: Ball 2-1: Ball 3-1: Called Strike 3-2: Fly out, F2 (Popup, 2R, EV 89.4 MPH)
|
Batting: RHB Robin Yount
|
0-0: Ground out 6-3 (Groundball, 6, EV 88.1 MPH)
|
Batting: LHB Don Mattingly
|
0-0: Fly out, F8 (Flyball, 78M, EV 83.1 MPH)
|
Bottom of the 12th over - 0 runs, 0 hits, 0 errors, 0 left on base; Minnesota 5 - Seattle 5 |
TOP OF THE 13TH |
Minnesota Twins batting - Pitching for Seattle Mariners : RHP Tommy Boggs
|
Batting: LHB Lloyd Moseby
|
0-0: Ball 1-0: Fly out, F8 (Flyball, 8RM, EV 82.5 MPH)
|
Batting: RHB Brook Jacoby
|
0-0: Called Strike 0-1: Ball 1-1: Foul Ball, location: 2F 1-2: Ball 2-2: Fly out, F9 (Line Drive, 9D, EV 91.3 MPH)
|
Pitching: RHP Bill Dawley
|
|
Batting: SHB Tony Bernazard
|
0-0: Ball 1-0: Called Strike 1-1: Swinging Strike 1-2: Ball 2-2: Fly out, F8 (Flyball, 8LXD, EV 94.4 MPH)
|
Top of the 13th over - 0 runs, 0 hits, 0 errors, 0 left on base; Minnesota 5 - Seattle 5 |
BOTTOM OF THE 13TH |
Seattle Mariners batting - Pitching for Minnesota Twins : RHP Fred Breining
|
Batting: LHB Chris Wynn
|
0-0: Foul Ball, location: 2F 0-1: Foul Ball, location: 2F 0-2: Ground out 6-3 (Groundball, 6, EV 89.4 MPH)
|
Batting: RHB John Rabb
|
0-0: DOUBLE (Flyball, 7LD, EV 96.3 MPH)
|
Batting: RHB Ryne Sandberg
|
0-0: Ground out 4-3 (Groundball, 4, EV 85.6 MPH) John Rabb to third
|
Batting: RHB Ramon Estepa
|
0-0: Swinging Strike 0-1: SINGLE (Groundball, 34D, EV 100.0 MPH) John Rabb scores
|
Bottom of the 13th over - 1 run, 2 hits, 0 errors, 0 left on base; Minnesota 5 - Seattle 6 |
|